 Dungeon Crawl Stone Soup version 0.28.0-47-ge53b351184 (webtiles) character file.

Game seed: 10437180184366432654

497 firemarshallily the Slasher (level 6, -3/48 HPs)
             Began as a Demonspawn Gladiator on May 1, 2022.
             Was a Believer of Trog.
             Splashed by a jelly's acid (4 damage)
             ... on level 4 of the Dungeon.
             The game lasted 00:08:02 (3363 turns).

firemarshallily the Slasher (Demonspawn Gladiator)  Turns: 3363, Time: 00:08:03

Health: -3/48      AC: -15   Str: 16    XL:     6   Next: 93%
Magic:  0/6        EV: 12    Int:  9    God:    Trog [**....]
Gold:   141        SH:  0    Dex: 15    Spells: 5/5 levels left

rFire   . . .      SeeInvis .   a - +0 long sword
rCold   . . .      Faith    .   (no shield)
rNeg    . . .      Spirit   +   b - +0 leather armour
rPois   .          Reflect  .   c - +0 helmet
rElec   .          Harm     .   (no cloak)
rCorr   .          Rampage  .   (no gloves)
Will    .....                   (no boots)
Stlth   +.........              h - amulet of guardian spirit
HPRegen 0.16/turn               (no ring)
MPRegen 0.10/turn               (no ring)

@: corroded
A: demonic touch 2
a: Renounce Religion, Berserk, Trog's Hand


You were on level 4 of the Dungeon.
You worshipped Trog.
Trog was pleased with you.
You visited 1 branch of the dungeon, and saw 4 of its levels.

You collected 141 gold pieces.

Inventory:

Hand Weapons
 a - a +0 long sword (weapon)
Missiles
 d - 2 throwing nets
 f - 57 stones
 r - a boomerang (quivered)
Armour
 b - a +0 leather armour (worn)
 c - a +0 helmet (worn)
 l - a +0 chain mail
 n - a +0 ring mail
 s - a +0 scale mail
Jewellery
 h - an amulet of guardian spirit (around neck)
Wands
 o - a wand of polymorph (8)
Scrolls
 g - 3 scrolls of teleportation {unknown}
 i - 2 scrolls of identify {unknown}
Potions
 e - 2 potions of brilliance {unknown}
 j - 4 potions of curing {unknown}
 k - a potion of might {unknown}
 m - 2 potions of degeneration {unknown}
 p - 2 potions of magic {unknown}
 q - a potion of mutation {unknown}


   Skills:
 + Level 4.0 Fighting
 * Level 5.2 Long Blades
 - Level 2.0 Throwing
 + Level 2.7 Armour
 - Level 3.1 Dodging


You had 5 spell levels left.
You didn't know any spells.
Your spell library contained the following spells:

 Spells                   Type           Power      Damage    Failure   Level
 Slow                     Hex            0%         N/A       43%         1
 Confusing Touch          Hex            0%         N/A       82%         3
 Vampiric Draining        Necr           0%         2d6       82%         3


Dungeon Overview and Level Annotations

Branches:
Dungeon (4/15)
 Temple: D:4-7

Altars:
Okawaru
Sif Muna
Trog
Yredelemnul

Shops:
D:3 :([

Annotations:
D:3 Natasha


Innate Abilities, Weirdness & Mutations

Your touch may inflict irresistible damage on your foes.


Message History

A jelly comes into view.
Throw: 2 throwing nets
Press: ? - help, Q - select action, (/) - cycle Shift-Dir - straight line, f - jelly
Aim: a jelly (wandering, hasn't noticed you, 90% to hit)
Okay, then.
Throw: boomerang
Press: ? - help, Q - select action, (/) - cycle Shift-Dir - straight line, f - jelly
Aim: a jelly (wandering, hasn't noticed you, 90% to hit)
You throw a boomerang. The jelly quivers.
The boomerang hits the jelly!
The jelly is heavily wounded.
You hit the jelly.
Your hands burn!
The jelly is severely wounded.
The jelly hits you but does no damage. The jelly hits you.
The acid corrodes you!
You are splashed with acid!
You hit the jelly but do no damage. The acid corrodes you!
Your hands burn!
The jelly is severely wounded.
The jelly hits you. The acid corrodes you!
You are splashed with acid!
You hit the jelly but do no damage. The acid corrodes you!
Your hands burn!
The jelly is severely wounded.
The jelly closely misses you.
You hit the jelly but do no damage.
Your hands burn!
Your touch misses the jelly.
The jelly is severely wounded.
The jelly hits you.
You are splashed with acid!
* * * LOW HITPOINT WARNING * * *
You hit the jelly but do no damage.
Your hands burn!
* * * LOW HITPOINT WARNING * * *
The jelly is severely wounded.
The jelly hits you.
* * * LOW HITPOINT WARNING * * *
The acid corrodes you!
You are splashed with acid.
* * * LOW HITPOINT WARNING * * *
You hit the jelly but do no damage.
Your hands burn!
* * * LOW HITPOINT WARNING * * *
The jelly is severely wounded.
The jelly barely misses you.
You hit the jelly. The acid corrodes you!
Your hands burn!
You die...

#########
#.......#
#########
#.#####.#
#....<.<.
#.#####.#####
#.######.
#.#.....)..@# #.
#.#..##.###J#
#####.
#.#..##.###.#
#.....
#.#..##...>..
#.###.
#.......###.##
#.###. ###..####
#.# #.....
#...#####.###+#
#.....
#.........##...##
#)####
###.#######.....##
#.# #


You could see a jelly.

Vanquished Creatures
  Grinder (D:3)
  A jelly (D:3)
  Jessica (D:2)
  Natasha (twice) (D:3)
  2 orc wizards (D:3)
  3 adders
  An adder skeleton (D:4)
  A worm (D:3)
  2 dart slugs
  9 orcs
  2 ball pythons
  6 bats
  An endoplasm (D:3)
  3 giant cockroaches
  6 goblins
  7 hobgoblins
  4 jackals
  5 kobolds
  2 frilled lizards
  5 rats
64 creatures vanquished.

Notes
Turn   | Place    | Note
-------+----------+-------------------------------------------
     0 | D:1      | firemarshallily the Demonspawn Gladiator began the quest
                  | for the Orb.
     0 | D:1      | Reached XP level 1. HP: 16/16 MP: 1/1
   124 | D:1      | You fall into a shaft and drop 1 floor!
   257 | D:2      | Gained mutation: Your touch may inflict minor irresistible
                  | damage on your foes. [demonic ancestry]
   257 | D:2      | Reached XP level 2. HP: 19/22 MP: 2/2
   507 | D:1      | Found a faded altar of an unknown god.
   556 | D:1      | Prayed at the altar of an unknown god.
   556 | D:1      | Became a worshipper of Trog the Wrathful
   556 | D:1      | Reached * piety under Trog
   667 | D:1      | Reached skill level 3 in Long Blades
   718 | D:1      | Reached XP level 3. HP: 25/28 MP: 3/3
  1645 | D:3      | Found a basalt altar of Yredelemnul.
  1649 | D:3      | Found an iron altar of Okawaru.
  1686 | D:3      | Reached ** piety under Trog
  1702 | D:3      | Noticed Natasha
  1721 | D:3      | Killed Natasha
  1722 | D:3      | Reached skill level 1 in Armour
  1722 | D:3      | Reached XP level 4. HP: 32/34 MP: 4/4
  1758 | D:3      | Gained mutation: Your touch may inflict irresistible damage
                  | on your foes. [demonic ancestry]
  1758 | D:3      | Reached XP level 5. HP: 3/41 MP: 0/5
  1829 | D:3      | Noticed Jessica
  1862 | D:2      | Killed Jessica
  1863 | D:2      | Reached skill level 4 in Long Blades
  2107 | D:3      | Noticed Natasha
  2137 | D:3      | Found Vighurr's Book Boutique.
  2177 | D:3      | Killed Natasha
  2378 | D:3      | Noticed Grinder
  2393 | D:3      | Paralysed by Grinder for 2 turns
  2408 | D:3      | Killed Grinder
  2409 | D:3      | Reached skill level 5 in Long Blades
  2409 | D:3      | Reached XP level 6. HP: 17/48 MP: 1/6
  2878 | D:3      | Found Qajoj's Armour Boutique.
  3005 | D:3      | Found Ygigaj's Weapon Emporium.
  3067 | D:3      | Found a shimmering blue altar of Sif Muna.
  3070 | D:3      | Noticed Natasha
  3362 | D:4      | HP: 1/48 [acid (4)]
  3363 | D:4      | Splashed by a jelly's acid

Illustrated notes

Levels and vault maps discovered:
D:1:      dpeg_arrival_round_b, layout_loops_ring,
          chequers_ecumenical_altar_island, grunt_decor_one_mirror,
          chequers_serial_rivers_micro_a
D:2:      layout_loops_ring
D:3:      layout_basic, nicolae_overflow_hidden_temple, serial_shops, shop,
          nicolae_shop_trees, nicolae_shop_window_shopping, uniq_grinder,
          uniq_jessica, uniq_natasha
D:4:      layout_loops_corners, uniq_edmund, uniq_ijyb

Skill      XL: |  1  2  3  4  5  6 |
---------------+-------------------+-----
Throwing       | 2 |  2.0
Dodging        | 3 |  3.1
Long Blades    | 3 5 |  5.2
Armour         | 1 2 |  2.7
Fighting       | 3 4 |  4.0

Action                   |  1- 3 |  4- 6 || total
-------------------------+-------+-------++-------
Melee: Long sword        |    90 |    97 ||   187
       Touch             |    12 |    21 ||    33
       Punch             |       |     2 ||     2
Throw: Throwing net      |       |     3 ||     3
       Stone             |       |     2 ||     2
       Boomerang         |       |     1 ||     1
Invok: Berserk           |       |     1 ||     1
 Stab: Sleeping          |     1 |       ||     1
Armor: Leather armour    |    31 |    21 ||    52
Dodge: Dodged            |    67 |    46 ||   113
